[Event "Saint Louis Super Swiss 2023"]
[Site "Saint Louis"]
[Date "2023.03.12"]
[Round "1.10"]
[White "Malicka, Maria"]
[Black "Antipov, Mikhail Al."]
[Result "0-1"]
[ECO "B36"]
[WhiteElo "2256"]
[BlackElo "2581"]
[Annotator "TA"]
[PlyCount "134"]
[EventDate "2023.03.12"]
[EventType "swiss"]
[EventCountry "USA"]
[SourceTitle "playchess.com"]
[Source "ChessBase"]
[SourceQuality "1"]
[TimeControl "5400+30"]

1. e4 c5 2. Nf3 Nc6 3. d4 cxd4 4. Nxd4 g6 5. c4 Nf6 6. Nc3 d6 7. Be2 Nxd4 8. Qxd4 Bg7 9. Bg5 O-O 10. Qe3 Qb6 11. Qd2 a5 12. Be3 Qd8 13. O-O a4 14. Rac1 Qa5 15. f3 Be6 16. Nd5 {[%emt 0:03:06] B36: Sicilian: Maroczy Bind: Gurgenidze System.} Qxd2 17. Bxd2 Bxd5 18. cxd5 {[%emt 0:00:10] White is slightly better.} Nd7 19. Be3 {[%emt 0:15:28] [#]} Bxb2 $146 ({Predecessor:} 19... Nc5 20. Rc2 a3 21. bxa3 Rxa3 22. Bxc5 dxc5 23. Rb1 Rfa8 24. Bc4 R8a7 25. Rb6 Bd4+ 26. Kf1 g5 27. Ke2 g4 28. fxg4 {½-½ Nowicki,B (2157)-Kanarek,M (2478) Lazy op 9th 2013 (4)}) 20. Rc7 Nc5 21. Rxe7 Rac8 22. Bxc5 Rxc5 23. Rxb7 Rc2 24. Bd1 Bd4+ {[%emt 0:00:05][%mdl 64] [#] Discovered Attack} 25. Kh1 Rc1 {[%emt 0:01:18] Strongly threatening ...Ra1.} 26. g3 Ra8 {[%emt 0:04:20] aiming for ...Ra1.} 27. Rb4 $1 Bg7 (27... Bc5 $5 28. Rb2 a3 $11) 28. Kg1 (28. Rxa4 $2 Rxa4 29. Bxa4 Rxf1+ $19) 28... a3 29. Bb3 Rcc8 30. Kg2 Rcb8 31. Rxb8+ Rxb8 $14 {[%emt 0:00:01][%mdl 4096] Endgame KRB-KRB} 32. Bc4 Bd4 33. Re1 Rb2+ 34. Re2 Rb1 35. f4 Rc1 36. Bd3 Rc3 37. Bc2 f6 38. Rd2 Be3 39. Re2 Kf7 40. Bd1 Bd4 41. Rc2 Re3 42. Rd2 Bc5 43. Re2 Rd3 44. Bc2 Rc3 45. Bd1 Ke7 46. Bc2 Bd4 47. Kf1 Kf7 48. Ke1 Rf3 {[%emt 0:00:33] ...Bc3+ would be deadly.} 49. Kd1 h5 50. Ba4 g5 51. fxg5 fxg5 52. Bd7 g4 53. Kc2 Kf6 54. Be8 Kg5 55. Rd2 (55. Bd7 $1 $11) 55... Be5 {[%emt 0:00:12][%mdl 1024] Black has compensation.} 56. Rd3 $2 (56. Rg2 $15) 56... Rf8 $19 57. Bd7 {[%emt 0:00:11] [#]} Rf1 ({Black should try} 57... h4 $1 $17 {Hoping for ...Rf2+.} 58. Bf5 (58. Rxa3 $2 {perishes.} Rf2+ 59. Kb3 Rxh2 $19) 58... Rb8 59. gxh4+ (59. Rxa3 $2 {is the wrong capture.} h3 $19) 59... Kxh4 60. Rxa3 Kg5) 58. h3 $2 (58. Rxa3 $2 Rf2+ 59. Kb3 Rxh2 $19) (58. Rd2 $1 $11 {and White has nothing to worry.}) 58... Rg1 ({Better is} 58... Rf2+ $19 59. Kb3 Rg2 60. h4+ Kh6) 59. hxg4 $17 hxg4 60. Rxa3 Rg2+ 61. Kd1 Bxg3 {[%emt 0:00:06] And now ...Be5 would win. Black is more active.} 62. Ra8 $2 (62. Rc3 $17) 62... Be5 $19 {[%emt 0:00:06] White must now prevent ...Kf4. Black is clearly winning.} 63. Rf8 g3 ({Not} 63... Rxa2 64. Rg8+ Kf4 65. Rxg4+ Kf3 66. Bf5 $11) 64. Rf5+ Kh4 65. Rf1 Rxa2 66. Ke1 g2 {[%emt 0:00:08] ( -> ...Bg3+)} 67. Rg1 Kg3 {[%emt 0:00:21] Weighted Error Value: White=0.21 (precise) /Black=0.12 (very precise)} 0-1

[Event "Saint Louis Super Swiss 2023"]
[Site "Saint Louis"]
[Date "2023.03.12"]
[Round "2.1"]
[White "Daggupati, Balaji"]
[Black "Nyzhnyk, Illya"]
[Result "1/2-1/2"]
[ECO "C42"]
[WhiteElo "2513"]
[BlackElo "2654"]
[Annotator "TA"]
[PlyCount "36"]
[EventDate "2023.03.12"]
[EventType "swiss"]
[EventCountry "USA"]
[SourceTitle "playchess.com"]
[Source "ChessBase"]
[SourceQuality "1"]
[TimeControl "5400+30"]

1. e4 e5 2. Nf3 Nf6 3. Nxe5 d6 4. Nf3 Nxe4 5. d4 d5 6. Bd3 Bd6 7. O-O O-O 8. c4 c6 9. Nc3 Nxc3 10. bxc3 dxc4 11. Bxc4 Bf5 12. Bg5 $1 {[%emt 0:02:00] 12.Bg5 scores better than 12.Re1. C42: Petroff Defence: 3 Nxe5 and unusual White 3rd moves.} Qa5 13. d5 {[%emt 0:00:38] [#] And now dxc6 would win.} Be4 ({Resist} 13... Qxc3 14. Rc1 Qa3 15. Re1 $16) 14. dxc6 Bxf3 15. Qxf3 Nxc6 {[%emt 0:00:53] Threatens to win with ...Ne5.} 16. Bd5 Qc7 {[%emt 0:03:10] [#]} 17. Rab1 $146 (17. g3 $14 {is more appropriate.}) ({Predecessor:} 17. h4 Rac8 18. h5 Ne5 19. Qe4 h6 20. Be3 Nc4 21. Bxh6 gxh6 22. Qg6+ Kh8 23. Qxh6+ {1-0 Nepomniachtchi,I (2792)-Martinez Alcantara,J (2591) Chess.com Rapid Wk25 Swiss 2022 (5)}) 17... Rae8 18. Bxc6 bxc6 {[%emt 0:00:16] Not much happened in this game.   Weighted Error Value: White=0.10 (very precise) /Black=0.08 (flawless)} (18... Bxh2+ $2 19. Kh1 bxc6 20. g3 $16) 1/2-1/2

[Event "Saint Louis Super Swiss 2023"]
[Site "Saint Louis"]
[Date "2023.03.12"]
[Round "2.2"]
[White "Hakobyan, Aram"]
[Black "Moradiabadi, Elshan"]
[Result "1/2-1/2"]
[ECO "C54"]
[WhiteElo "2620"]
[BlackElo "2507"]
[Annotator "TA"]
[PlyCount "69"]
[EventDate "2023.03.12"]
[EventType "swiss"]
[EventCountry "USA"]
[SourceTitle "playchess.com"]
[Source "ChessBase"]
[SourceQuality "1"]
[TimeControl "5400+30"]

1. e4 e5 2. Nf3 Nc6 3. Bc4 Nf6 4. d3 Bc5 5. O-O d6 6. c3 a6 7. a4 h6 8. Nbd2 {[%emt 0:01:10][%cal Bb1d2,Bd2f1,Bf1g3][%mdl 32] C54: Giuoco Piano: 4 c3 Nf6, main lines with 5 d4 and 5 d3.} Ba7 9. Re1 O-O 10. h3 {[%emt 0:01:42] White has an edge.} Be6 (10... Nh5 {feels hotter.} 11. Nf1 Qf6 12. Be3 Be6) 11. Bxe6 fxe6 12. Nf1 Ne7 13. Ng3 Ng6 14. d4 Qe7 15. Be3 Nd7 16. a5 {[%emt 0:02:14] [#]} Rf7 $146 ({Predecessor:} 16... Kh7 17. Nd2 Rf7 18. Nc4 Raf8 19. Qb3 Rb8 20. Rad1 Qh4 21. Nd2 Qe7 22. Qc4 Rc8 {½-½ Caruana,F (2822)-Nakamura,H (2769) Norway Masters blitz 6th 2018 (2)}) 17. Nh2 (17. Qb3 $5 ) 17... Kh7 18. b4 c6 19. Ra2 Raf8 20. Ng4 exd4 21. cxd4 Nf6 22. Nxf6+ Rxf6 (22... Qxf6 {simplifies} 23. e5 Qe7 24. Qb1 dxe5 25. dxe5 Bxe3 26. Rxe3 Qg5) 23. e5 R6f7 24. exd6 (24. Qb1 $5 ) 24... Qxd6 25. Qb1 Qd5 26. Rae2 Bb8 27. Bd2 Bxg3 (27... Qxd4 $5 28. Be3 Qf6 $15) 28. fxg3 Qxd4+ ({Better is} 28... Rf6 $11) 29. Be3 $14 Qd5 30. g4 $1 {[%emt 0:03:57][%mdl 1024] [#] Repels Qf5. aiming for h4. White has compensation.} Qc4 31. Rd2 $1 {[%emt 0:05:11] Repels Rd8. Threatens to win with Rc1.} e5 $1 32. Bc5 Re8 33. Rc1 Qb5 34. Bf2 (34. Qc2 $14) 34... Rf4 $1 $11 35. Bc5 {[%emt 0:08:00] Weighted Error Value: White=0.08 (flawless) /Black=0.08 (flawless)} 1/2-1/2

[Event "Saint Louis Super Swiss 2023"]
[Site "Saint Louis"]
[Date "2023.03.12"]
[Round "2.3"]
[White "Raja Harshit"]
[Black "Bruzon Batista, Lazaro"]
[Result "1/2-1/2"]
[ECO "C67"]
[WhiteElo "2498"]
[BlackElo "2610"]
[Annotator "TA"]
[PlyCount "34"]
[EventDate "2023.03.12"]
[EventType "swiss"]
[EventCountry "USA"]
[SourceTitle "playchess.com"]
[Source "ChessBase"]
[SourceQuality "1"]
[TimeControl "5400+30"]

1. e4 e5 2. Nf3 Nc6 3. Bb5 Nf6 4. O-O Nxe4 5. Re1 Nd6 6. Nxe5 Be7 7. Bf1 Nxe5 8. Rxe5 O-O 9. d4 {[%emt 0:02:54] The position is equal.} Ne8 {[%emt 0:01:41] C67: Ruy Lopez: Berlin Defence: 4 0-0 Nxe4.} 10. Nc3 {[%emt 0:08:33] Black is weak on the light squares} Bf6 11. Re1 {[%emt 0:00:08] [#] An uneventful encounter.   Weighted Error Value: White=0.04 (flawless) /Black=0.00 (flawless)} {Predecessor:} d5 $146 12. b3 c6 13. Ba3 Nd6 14. Qf3 Be6 15. Qf4 Be7 16. Bd3 Ne8 17. Bxe7 Qxe7 {½-½ Vachier Lagrave,M (2760)-Carlsen,M (2864) Zagreb SuperUnited Blitz 2022 (14)} 1/2-1/2

[Event "Saint Louis Super Swiss 2023"]
[Site "Saint Louis"]
[Date "2023.03.12"]
[Round "2.4"]
[White "Quesada Perez, Yasser"]
[Black "Corrales Jimenez, Fidel"]
[Result "1/2-1/2"]
[ECO "B50"]
[WhiteElo "2604"]
[BlackElo "2489"]
[Annotator "TA"]
[PlyCount "134"]
[EventDate "2023.03.12"]
[EventType "swiss"]
[EventCountry "USA"]
[SourceTitle "playchess.com"]
[Source "ChessBase"]
[SourceQuality "1"]
[TimeControl "5400+30"]

1. e4 c5 2. Nf3 d6 3. c3 Nf6 4. h3 Bd7 5. Bd3 Nc6 6. Bc2 {[%emt 0:01:01] B50: Sicilian: 2...d6, Miscellaneous.} e5 7. d4 (7. O-O $5 ) 7... cxd4 8. cxd4 {[%emt 0:00:32] [#]} Qb6 $146 ({Predecessor:} 8... Be7 9. Nc3 O-O 10. O-O Rc8 11. Ba4 Re8 12. Re1 a6 13. Bxc6 Bxc6 14. d5 Bd7 {½-½ Pezelj,N (2345)-Indjic,A (2323) SRB-Cup Valjevo 2011 (7.3)}) 9. d5 Nb4 10. Nc3 Nxc2+ 11. Qxc2 Be7 12. Be3 Qa5 13. O-O O-O 14. Qd3 Rfc8 15. Rfc1 b5 16. Nd2 b4 17. Nb3 Qd8 18. Ne2 a5 19. Nd2 a4 20. Ng3 Qa5 21. Nf3 Qb5 22. Qd2 b3 23. axb3 Qxb3 24. Nh4 (24. Rxc8+ $11 Rxc8 25. Ra3) 24... Rcb8 (24... Nxd5 25. Nhf5 $16) (24... Rab8 $15 25. Rxc8+ Rxc8) 25. Rc2 (25. Nhf5 $5 Bf8 26. Nxg7 Bxg7 27. Bh6 Bxh6 28. Qxh6 $11) 25... Qb4 (25... Nxd5 {looks sharper.} 26. Nhf5 Nxe3 27. Nxe7+ Kf8) 26. Nhf5 Bf8 27. f3 h6 28. Qxb4 Rxb4 29. Bd2 Rb3 30. Ne3 Rab8 31. Nc4 g6 32. Ra3 R3b7 33. Nf1 Kg7 34. Nfe3 Ne8 35. Ra2 f5 36. Na5 {[%emt 0:00:10] A dynamic duo of knights.} Rb5 37. Nc6 (37. Rxa4 Rxb2 38. Rac4 (38. Nc6 Rxc2 39. Nxc2 fxe4 $15) 38... Rxc2 39. Nxc2 fxe4 40. fxe4 Nf6 $15) 37... Ra8 38. Rc4 Nf6 39. Bc3 a3 40. b4 (40. bxa3 $6 Rb3 $11) (40. Rxa3 $16 Rxa3 41. bxa3) 40... Kg8 41. Nc2 fxe4 42. fxe4 Nxe4 43. Rxe4 Rxd5 44. Na5 Bf5 45. Re3 h5 46. Nxa3 {[%emt 0:00:22] b5 would be deadly.} Rc8 (46... Bh6 $1 $11 47. Ree2 Rd1+ 48. Kh2 Be6) 47. Be1 ({White should try} 47. N3c4 $16) 47... Rd1 48. Rd2 Ra1 {[%emt 0:00:08] Hoping for ...Bh6.} 49. N3c4 Bh6 50. Kf2 {[%emt 0:00:36][%cal Od2d6] Strongly threatening Rxd6!} Rf8 {[%emt 0:02:36] [#]} (50... Bxe3+ $11 {keeps the balance.} 51. Nxe3 Rcc1) 51. Ke2 $1 $16 Rd8 (51... Bxe3 $16 52. Nxe3 Bd7) 52. Ra3 $2 ({White should play} 52. Bh4 $18 Bxe3 53. Kxe3 (53. Bxd8 Bxd2 54. Kxd2 Ra2+ 55. Ke3 d5 $14) (53. Nxe3 Rd7 $16)) 52... Rxa3 $14 53. Nxa3 {[%emt 0:00:01] And now Rb2 would win.} Bxd2 54. Bxd2 d5 (54... Be4 $14) 55. b5 $16 Bd7 $2 {[%emt 0:00:01] [#]} (55... Be4 $16) 56. b6 $1 $18 Rb8 57. b7 {[%emt 0:00:01] Black must now prevent Bb4.} Bc8 (57... Kf7 $142 58. Bb4 Ke6) 58. bxc8=Q+ ({Don't do} 58. bxc8=R+ Rxc8 59. Nb5 Rc5 $18) 58... Rxc8 59. Nb3 Kf7 60. Nc1 Ke6 61. Nb5 Rb8 62. Nc3 d4 63. Ne4 Kd5 64. Nf6+ Ke6 65. Ne4 Kd5 $1 66. Nf6+ Ke6 $1 67. Ne4 Kd5 $1 {[%emt 0:00:13][%mdl 32768] Weighted Error Value: White=0.15 (very precise) /Black=0.21 (precise) . An unexpected result.} 1/2-1/2

[Event "Saint Louis Super Swiss 2023"]
[Site "Saint Louis"]
[Date "2023.03.12"]
[Round "2.5"]
[White "Escalante Ramirez, Brian Sebasti"]
[Black "Akobian, Varuzhan"]
[Result "1/2-1/2"]
[ECO "B13"]
[WhiteElo "2474"]
[BlackElo "2591"]
[Annotator "TA"]
[PlyCount "57"]
[EventDate "2023.03.12"]
[EventType "swiss"]
[EventCountry "USA"]
[SourceTitle "playchess.com"]
[Source "ChessBase"]
[SourceQuality "1"]
[TimeControl "5400+30"]

1. e4 c6 2. d4 d5 3. exd5 cxd5 4. Bd3 Nc6 5. c3 Qc7 6. Na3 {[%emt 0:00:03] B13: Caro-Kann: Exchange Variation and Panov-Botvinnik Attack.} a6 7. Nc2 Nf6 8. h3 {[%emt 0:00:02] White has an edge.} e6 9. Nf3 Bd6 10. O-O O-O 11. Re1 {[%emt 0:00:02] [#]} Re8 $146 ({Predecessor:} 11... Bf4 12. Bxf4 Qxf4 13. Qe2 Bd7 14. Ne5 Rac8 15. Rad1 Ne7 16. Ne3 Ng6 17. g3 Qh6 {1-0 Van den Doel,E (2582)-Lai,H (2486) NED-ch Groningen 2022 (1.1)}) 12. Bg5 h6 (12... Ne7 $14) 13. Bxf6 $16 gxf6 14. Nh4 Bd7 15. Qg4+ Kh8 16. Qh5 Kg7 17. Qg4+ Kh8 18. Qh5 Kg7 {[%emt 0:00:56] [#]} 19. Bg6 Re7 $14 {[%emt 0:02:32] [#]} (19... Bh2+ $2 20. Kh1 Re7 21. g3 $18) 20. Ne3 $1 Bf4 (20... fxg6 21. Qxg6+) 21. Bd3 ({Stronger than} 21. Bxf7 Rxf7 22. Ng4 (22. g3 $2 Bg5 $19) 22... Rh8 23. Qg6+ Kf8 24. Nxf6 Bc8 $19) 21... Rh8 {[%emt 0:09:52] [#]} 22. Ng6 {[%emt 0:12:31] Prevents Bg5. White has more active pieces.} fxg6 $11 {[%emt 0:00:23] The position is equal.} 23. Qxg6+ Kf8 {[%emt 0:00:18] Threatens to win with ...Rf7.} 24. Qxf6+ Kg8 {[%emt 0:00:08] ...Rg7 would be deadly.} 25. Nxd5 exd5 26. Qg6+ Kf8 (26... Rg7 $2 {is a self mate.} 27. Re8+ Bxe8 28. Qxe8#) 27. Qf6+ Kg8 28. Qg6+ Kf8 (28... Rg7 $2 {gets mated.} 29. Re8+ Bxe8 30. Qxe8#) 29. Qf6+ {[%emt 0:00:07] A fantastic game!   Weighted Error Value: White=0.26 (precise) /Black=0.10 (very precise)} 1/2-1/2

[Event "Saint Louis Super Swiss 2023"]
[Site "Saint Louis"]
[Date "2023.03.12"]
[Round "2.6"]
[White "Yoo, Christopher Woojin"]
[Black "Dudin, Gleb"]
[Result "1/2-1/2"]
[ECO "C84"]
[WhiteElo "2591"]
[BlackElo "2469"]
[Annotator "TA"]
[PlyCount "91"]
[EventDate "2023.03.12"]
[EventType "swiss"]
[EventCountry "USA"]
[SourceTitle "playchess.com"]
[Source "ChessBase"]
[SourceQuality "1"]
[TimeControl "5400+30"]

1. e4 e5 2. Nf3 Nc6 3. Bb5 a6 4. Ba4 Nf6 5. O-O Be7 6. d3 b5 7. Bb3 d6 8. a4 b4 9. a5 O-O 10. Nbd2 Be6 {[%emt 0:07:24] C84: Closed Ruy Lopez: Unusual White 6th moves.} 11. Bxe6 fxe6 12. Nc4 {[%emt 0:05:06] [#]} h6 $146 ({Predecessor:} 12... Rb8 13. b3 Rb5 14. Bd2 Nd7 15. Qe2 Bf6 16. Qe1 Be7 17. h3 Rxf3 18. gxf3 Nd4 {1-0 Al Tarbosh,W (2256)-Estrada Nieto,J (2248) Titled Tuesday intern op 28th Feb Late blitz 2023 (1)}) 13. d4 (13. c3 $11) 13... Nxe4 14. d5 (14. Qe2 $11 Ng5 15. Bxg5 Bxg5 16. dxe5) 14... Na7 $17 15. dxe6 Qc8 $1 16. Re1 Nc5 17. Ne3 c6 {[%emt 0:12:16] Prevents Nd5} 18. Nc4 Qxe6 19. Nb6 Rad8 20. Bd2 (20. Be3 $1 $15) 20... b3 ({Black should play} 20... e4 $17 {...Qf5 would be deadly.} 21. Qe2 (21. Bxb4 Qf5 $17) 21... Nb5 22. Bxb4 Qg6 23. Bxc5 exf3 24. Qe6+ Qxe6 25. Rxe6 Kf7) 21. Be3 e4 (21... Qf5 $15 22. Bxc5 bxc2) 22. Bxc5 $1 $11 Qg6 {[%emt 0:03:20] [#]} (22... dxc5 {simplifies} 23. Qe2 Bf6 24. c3 Nb5) 23. Nd5 $2 cxd5 $40 {[%emt 0:00:53][%mdl 128] Black wants a kill.} 24. Qxd5+ {[%emt 0:00:11] [#]} Kh8 (24... Rf7 $1 $19 25. Bxa7 exf3) 25. Bxa7 $2 (25. Qxe4 Qxe4 26. Rxe4 dxc5 $19) (25. Nh4 $17 Bxh4 26. Bxa7 bxc2 27. Rac1) 25... exf3 $19 26. g3 Rd7 27. Bd4 bxc2 (27... Qxc2 28. Qe6 Rfd8 29. Qxh6+ Qh7 30. Qe6 $18) 28. Re6 $2 {[%emt 0:00:24] [#]} (28. h3 Bh4 29. Kh1) 28... Rc7 $1 29. Rc1 (29. Bc3 Qg5) 29... Qg5 30. Qxg5 Bxg5 ({Worse is} 30... hxg5 31. Bb6 Rfc8 32. Bxc7 Rxc7 33. Kf1 $15) 31. Be3 Rb8 32. Bxg5 hxg5 {[%emt 0:00:05][%mdl 4096] Endgame KRR-KRR} 33. Kf1 Rxb2 34. Ke1 Rc5 (34... Rb5 $142 35. Re3 g4) 35. Rxd6 $2 (35. Kd2 Rd5+ 36. Kc3) 35... Rxa5 $2 (35... Re5+ 36. Kd2 Re2+ 37. Kc3 Rb8 38. Rxa6 Rxf2) 36. Kd2 Re5 (36... g4 $19 37. Rd4 Re5) 37. Kc3 $17 Rb8 ({Better is} 37... Ra2 $17 {Hoping for ...Rc5+.} 38. h3 Rc5+ 39. Kd2 (39. Kb3 Raa5 $19) 39... Rc8) 38. Rxc2 $15 Rc8+ (38... a5 $17 {Threatens to win with ...Rc8+.} 39. Ra2 Rc8+ 40. Kd3 Rc1) 39. Kd3 $11 {[%emt 0:00:09] The position is equal.} Rxc2 40. Kxc2 {[%emt 0:00:03] KR-KR} ({Much weaker is} 40. Rd8+ Kh7 41. Kxc2 Re2+ 42. Kd3 g4 $19) 40... Re2+ 41. Kd3 Rxf2 42. Ke3 Rxh2 {[%emt 0:00:30] ...g4 is the strong threat.} 43. Rxa6 g4 44. Kf4 Rh6 45. Ra8+ Kh7 46. Kxg4 {[%emt 0:00:04] Whites escaped into a draw.   Weighted Error Value: White=0.62/Black=0.45} 1/2-1/2

[Event "Saint Louis Super Swiss 2023"]
[Site "Saint Louis"]
[Date "2023.03.12"]
[Round "2.7"]
[White "Kavutskiy, Konstantin"]
[Black "Theodorou, Nikolas"]
[Result "1/2-1/2"]
[WhiteElo "2405"]
[BlackElo "2584"]
[Annotator "TA"]
[PlyCount "31"]
[EventDate "2023.03.12"]
[EventType "swiss"]
[EventCountry "USA"]
[SourceTitle "playchess.com"]
[Source "ChessBase"]
[SourceQuality "1"]
[TimeControl "5400+30"]

1. d4 Nf6 2. c4 e6 3. Nf3 Bb4+ 4. Nbd2 O-O 5. a3 Be7 6. e4 {[%emt 0:00:33] White is slightly better.} d6 {[%emt 0:00:05][%cal Oe6e5] E11: Bogo-Indian.} 7. Be2 c5 {[%emt 0:00:08] 7...Nfd7 is becoming the main line.} 8. d5 exd5 {[%emt 0:00:06] [#]   Weighted Error Value: White=0.00 (flawless) /Black=0.00 (flawless) was the old line (8...Nbd7).} {Predecessor:} 9. cxd5 $146 Bg4 10. Qc2 Re8 11. O-O Nbd7 12. Re1 Bf8 13. b3 g6 14. Bb2 Bg7 15. h3 Bxf3 16. Bxf3 {1-0 Grischuk,A (2777)-Yuffa,D (2566) Wch Blitz Moscow 2019 (3)} 1/2-1/2

[Event "Saint Louis Super Swiss 2023"]
[Site "Saint Louis"]
[Date "2023.03.12"]
[Round "2.8"]
[White "Antipov, Mikhail Al."]
[Black "Grabinsky, Aaron"]
[Result "1-0"]
[ECO "C54"]
[WhiteElo "2581"]
[BlackElo "2405"]
[Annotator "TA"]
[PlyCount "119"]
[EventDate "2023.03.12"]
[EventType "swiss"]
[EventCountry "USA"]
[SourceTitle "playchess.com"]
[Source "ChessBase"]
[SourceQuality "1"]
[TimeControl "5400+30"]

1. e4 e5 2. Nf3 Nc6 3. Bc4 Bc5 4. d3 d6 5. c3 Nf6 6. Nbd2 a6 7. a4 {[%emt 0:00:06] C54: Giuoco Piano: 4 c3 Nf6, main lines with 5 d4 and 5 d3.} Ba7 8. h3 h6 9. a5 $5 {[%emt 0:02:15][%mdl 4] [#] The position is equal. An interesting side line.} Nh7 $146 ({Predecessor:} 9... O-O 10. O-O Ne7 11. Re1 Ng6 12. d4 c6 13. Bf1 Re8 14. Qc2 Nh5 15. b4 Qf6 {1-0 Lu,S (2636)-Liu,Y (2495) Tianjin Binhai Cup 1st 2018 (3)}) 10. Nf1 Qf6 11. Ne3 Bxe3 12. Bxe3 Be6 13. Qb3 O-O-O 14. Bxe6+ Qxe6 15. Qxe6+ fxe6 16. Kd2 Nf6 17. Kc2 Rhf8 18. Nd2 Nh5 19. f3 Rf7 20. h4 Rh8 (20... d5 $5 ) 21. Bf2 g6 22. b4 Nf4 23. g3 Nh5 24. Kd1 Kd7 25. Ke2 Rg8 26. Nf1 d5 27. Rb1 d4 28. c4 Rgf8 {[%emt 0:03:00] [#]} 29. Nd2 (29. Nh2 $1 $16) 29... Ra8 30. Rb2 Kd6 (30... Rg8 $14) 31. Ra1 $16 Ke7 {[%emt 0:08:10] [#]} (31... Kd7 $142) 32. Be1 (32. b5 $142 $1 Nd8 33. c5) 32... Raf8 (32... Nb8 $16 {keeps fighting.}) 33. b5 $18 Nb8 (33... axb5 $2 34. cxb5 Na7 35. Nc4 $18) 34. Nf1 (34. c5 $18) 34... Rc8 (34... Kd8 $16) 35. Nh2 Nf6 (35... axb5 $2 36. Ng4) 36. Bb4+ Kd7 37. Bd2 {[%emt 0:01:11] Against g5} Rh7 (37... g5 $16 {was worth a try.}) 38. f4 Nh5 39. Ng4 (39. fxe5 $6 Nxg3+ 40. Kd1 Rf7) 39... exf4 40. Ne5+ (40. gxf4 $6 Rf8 $16) (40. Bxf4 Nxf4+ 41. gxf4 Ke7) 40... Kd6 (40... Ke8 $142) 41. gxf4 (41. Nxg6 Rg8 42. c5+ (42. Bxf4+ Nxf4+ 43. Nxf4 Rxg3 $15) (42. Nxf4 Nxg3+ 43. Kf2 e5 $11) 42... Kd7 43. Ne5+ (43. Nxf4 Nxg3+ 44. Kf3 e5 $15) 43... Ke7 $14) 41... axb5 $2 (41... Nd7 42. c5+ (42. Nxg6 Nc5 $18) 42... Nxc5) 42. cxb5 {[%emt 0:01:53] White is clearly winning.} ({Less strong is} 42. Nxg6 Rg7 $16) 42... c5 43. a6 ({Not} 43. Nxg6 Rg7 $18) 43... bxa6 44. bxa6 Ra7 45. Rb6+ {[%emt 0:01:10][%mdl 64] Skewer} Nc6 46. Rg1 Rg7 47. Nc4+ Kd7 48. Ra1 Rc7 49. Ne5+ Nxe5 50. fxe5 {[%emt 0:00:03][%cal Oa6a7] White wants to mate with a7!} Rg8 {[%emt 0:02:14] Dodges a7} 51. Rd6+ Ke7 52. Bxh6 Ra8 53. Kd2 Rca7 54. Kc2 Kf7 55. Kb3 Rb8+ 56. Kc4 Rc7 57. Bd2 Ng3 58. Ba5 Rcc8 59. Bb6 Ne2 60. a7 {[%emt 0:00:06] Weighted Error Value: White=0.22 (precise) /Black=0.26 (precise)} 1-0

[Event "Saint Louis Super Swiss 2023"]
[Site "Saint Louis"]
[Date "2023.03.12"]
[Round "2.9"]
[White "Swiercz, Dariusz"]
[Black "Gosdin, Kaleb"]
[Result "1-0"]
[ECO "C18"]
[WhiteElo "2646"]
[BlackElo "2033"]
[Annotator "TA"]
[PlyCount "89"]
[EventDate "2023.03.12"]
[EventType "swiss"]
[EventCountry "USA"]
[SourceTitle "playchess.com"]
[Source "ChessBase"]
[SourceQuality "1"]
[TimeControl "5400+30"]

1. e4 e6 2. d4 d5 3. Nc3 Bb4 4. e5 c5 5. a3 Bxc3+ 6. bxc3 Ne7 7. Qg4 Kf8 8. a4 Qc7 {[%emt 0:01:25] C18: French: 3 Nc3 Bb4: Main line: 7 h4 and 7 Qg4.} 9. Qd1 cxd4 10. cxd4 Qc3+ {[%emt 0:00:15] The position is equal.} 11. Bd2 Qxd4 12. Nf3 Qc5 13. Bd3 {[%emt 0:01:19][%mdl 1024] White has compensation.} Nd7 14. O-O Qc7 {[%emt 0:00:04] [#]} 15. Qe2 $146 ({Predecessor:} 15. c4 b6 16. cxd5 Nxd5 17. a5 Bb7 18. Qe2 Rd8 19. Rfc1 Qb8 20. Bb5 h6 21. axb6 axb6 22. Bxd7 Rxd7 {½-½ Lakatos,S (2378)-De Carlos Arregui,I (2334) Paredes Memorial-B email 2014}) 15... Nc6 16. Bc3 (16. c4 $14) 16... Nc5 17. a5 Bd7 18. Qe3 Nxd3 19. cxd3 Kg8 20. Rfc1 Qb8 21. Rab1 h6 22. h4 Kh7 23. h5 Rc8 {[%emt 0:00:09] Black is weak on the dark squares} 24. g4 d4 {[%emt 0:00:57] [#]} 25. Qe4+ $1 $16 ({Don't do} 25. Bxd4 $6 Nxd4 26. Nxd4 Rxc1+ 27. Rxc1 Kg8 $11) ({Worse is} 25. Nxd4 Qxe5 26. Nf3 Qxe3 27. fxe3 Nd8 $15) 25... Kg8 {[%emt 0:00:30] [#]} 26. Bd2 {[%emt 0:01:08] White is much more active.} (26. a6 $1 $16 b6 27. Bd2 (27. Bxd4 Nxd4 28. Nxd4 Rxc1+ 29. Rxc1 Qd8 $11)) 26... Ne7 $1 $11 27. Nxd4 {[%emt 0:04:34] Black must now prevent g5.} Nc6 $2 {[%emt 0:02:39][%mdl 8192] A mistake that costs the game.} (27... Rxc1+ $11 28. Rxc1 Kh8) 28. a6 $18 Nxd4 29. axb7 ({Stronger than} 29. Qxd4 Rxc1+ 30. Bxc1 (30. Rxc1 Bc6 $11) 30... Qc7 $11) 29... Rxc1+ 30. Rxc1 Nc6 31. bxa8=Q Qxa8 32. g5 Qe8 (32... Qb8 $142 33. gxh6 gxh6 34. Qg4+ Kh8) 33. gxh6 Ne7 34. hxg7 {[%emt 0:02:19] And now h6 would win.} Bc6 35. Qb4 Kxg7 36. Bg5 Nf5 37. Kh2 {[%emt 0:00:52][%cal Oc1c6] Rxc6! is the strong threat.} Bf3 38. Qf4 Bxh5 39. Bf6+ Kh7 40. Qg5 Bg6 41. Rh1 {[%emt 0:00:56] White mates.} Nh6 42. Kg1 Qf8 43. d4 a5 44. Qe3 Bf5 45. Bg5 {[%emt 0:00:06] Weighted Error Value: White=0.11 (very precise) /Black=0.53} 1-0